 Dungeon Crawl Stone Soup version 0.18.1-48-g4cf74bf (webtiles) character file.

4780 GFox the Nimble (level 10, -5/132 HPs)
             Began as a Minotaur Fighter on July 13, 2016.
             Was a High Priest of Cheibriados.
             Slain by ayyllmao's ghost (10 damage)
             ... on level 8 of the Dungeon.
             The game lasted 00:52:41 (7620 turns).

GFox the Nimble (Minotaur Fighter)                  Turns: 7620, Time: 00:52:41

Health: -5/132     AC: 25    Str: 37    XL:     10   Next: 23%
Magic:  9/9        EV:  2    Int: 17    God:    Cheibriados [*****.]
Gold:   457        SH: 15    Dex: 27    Spells: 0 memorised, 9 levels left

rFire  . . .     SeeInvis .     a - +0 war axe
rCold  . . .     Gourm    +     (armour currently unavailable)
rNeg   + + +     Faith    .     c - +0 shield
rPois  +         Spirit   .     (helmet currently unavailable)
rElec  .         Dismiss  .     (cloak currently unavailable)
rCorr  .         Reflect  .     (gloves currently unavailable)
SustAt .         Harm     .     (boots currently unavailable)
MR     .....     NoTele   +     o - amulet of the gourmand
Stlth  +++++.....               K - +1 ring of evasion
                                i - +6 ring of dexterity

@: tree-form, very slow, not resistant to hostile enchantments, quite stealthy
A: (retaliatory headbutt), (horns 0)
a: Bend Time, Temporal Distortion, Slouch, Step From Time, Renounce Religion


You were on level 8 of the Dungeon.
You worshipped Cheibriados.
Cheibriados was extremely pleased with you.
You were very full.
You were a tree.
You visited 2 branches of the dungeon, and saw 9 of its levels.

You collected 457 gold pieces.

Inventory:

Hand Weapons
 a - a +0 war axe (weapon)
Missiles
 F - 2 throwing nets (quivered)
Armour
 c - a +0 shield (worn)
 q - a +2 cloak (melded)
 r - a +0 pair of gloves (melded)
 D - the +1 robe of Dithmenos's Envy (melded) {rPois rN++ Int-5 Stlth+}
   (You found it on level 4 of the Dungeon)

   It affects your intelligence (-5).
   It protects you from poison.
   It greatly protects you from negative energy.
   It makes you more stealthy.
 I - a +1 hat (melded)
Jewellery
 i - a +6 ring of dexterity (left branch)
 o - an amulet of the gourmand (around neck)
 J - a +4 ring of protection
 K - a +1 ring of evasion (right branch)
Wands
 G - a wand of paralysis (14/24)
Scrolls
 e - 6 scrolls of remove curse
 g - 2 scrolls of recharging {unknown}
 k - 2 scrolls of teleportation
 n - a scroll of magic mapping {unknown}
 t - 3 scrolls of amnesia {unknown}
 u - a scroll of enchant weapon {unknown}
 w - a scroll of blinking {unknown}
 y - a scroll of enchant armour {unknown}
 E - a scroll of identify
Potions
 b - a potion of flight {unknown}
 d - 2 potions of might
 h - 3 potions of curing {unknown}
 l - a potion of heal wounds {unknown}
 p - a potion of agility {unknown}
 s - a potion of berserk rage {unknown}
 v - 2 potions of lignification
 x - 3 potions of magic
 z - a potion of cure mutation {unknown}
 C - a potion of invisibility {unknown}
Books
 H - a book of the Earth

   Spells                             Type                      Level
   a - Leda's Liquefaction            Hexes/Earth                  4
   b - Bolt of Magma                  Conjuration/Fire/Earth       5
   c - Statue Form                    Transmutation/Earth          6
   d - Iron Shot                      Conjuration/Earth            6
   e - Shatter                        Earth                        9
Comestibles
 f - 4 bread rations
 j - 3 beef jerkies
 m - 2 meat rations
 A - 8 chunks of flesh
 B - a slice of pizza


   Skills:
 + Level 7.7 Fighting
 + Level 8.4 Axes
 + Level 4.6 Armour
 + Level 9.1 Dodging
 + Level 4.5 Stealth
 + Level 9.0 Shields


You had 9 spell levels left.
You didn't know any spells.

Dungeon Overview and Level Annotations

Branches:
Dungeon (8/15)             Temple (1/1) D:4
   Lair: D:8-11

Altars:
Ashenzari
Cheibriados
Dithmenos
Fedhas
Gozag
Okawaru
Pakellas
Qazlal
Ru
Sif Muna
Trog
Vehumet
Xom
Yredelemnul
The Shining One

Annotations:
D:8 ayyllmao's ghost, novice GrBe


Innate Abilities, Weirdness & Mutations

((You reflexively headbutt those who attack you in melee.))
((You have a pair of horns on your head.))


Message History

Ayyllmao's ghost hits you.
* * * LOW HITPOINT WARNING * * *
You barely miss ayyllmao's ghost.
You headbutt ayyllmao's ghost, but do no damage.
Ayyllmao's ghost is almost destroyed.
You block ayyllmao's ghost's attack.
You barely miss ayyllmao's ghost.
You headbutt ayyllmao's ghost, but do no damage.
Ayyllmao's ghost is almost destroyed.
Ayyllmao's ghost hits you!!
* * * LOW HITPOINT WARNING * * *
Ayyllmao's ghost hits you.
* * * LOW HITPOINT WARNING * * *
Drink which item? (? for menu, Esc to quit)
It was a potion of lignification.
You turn into a tree.
Your +2 cloak melds into your body.
Your +1 hat melds into your body.
Your +0 pair of gloves melds into your body.
The +1 robe of Dithmenos's Envy {rPois rN++ Int-5 Stlth+} melds into your body.
Your roots penetrate the ground.
Ayyllmao's ghost hits you!
You die...

o......# .......#
..o....# .......#
...!...###### ....
.......#....# . . ...
.....#)#....# ####>.. ..
..
######.#....######....(#
.#. #.)...)...W♣......#
.. #........########## #
#..........#...).(.#####
#
###........#######((<..#
# #..##...... #####.# #
#.# #######.# #.### #
... # #...## ..# #.##
###..# #.# #. ##.# #.#


You could see ayyllmao's ghost.

Vanquished Creatures
  The ghost of CapHo the Basher, a novice MiFi of Okawaru (D:6)
  A two-headed ogre (D:8)
  Grinder (D:6)
  2 hippogriffs (D:8)
  A hungry ghost (D:7)
  Edmund (D:6)
  A water moccasin (D:8)
  2 black bears
  2 sky beasts
  An orc warrior (D:8)
  2 phantoms
  3 ice beasts
  2 ogres (D:5)
  3 centaurs
  A gnoll sergeant (D:7)
  4 giant frogs
  2 scorpions (D:7)
  8 howler monkeys
  2 crimson imps
  4 jellies
  2 centaur zombies
  2 hounds
  A centaur skeleton (D:5)
  A giant frog zombie (D:6)
  2 orc priests (D:8)
  6 orc wizards
  An iguana (D:4)
  10 worker ants
  A killer bee zombie (D:5)
  A hound zombie (D:5)
  2 hound skeletons (D:5)
  A howler monkey zombie (D:5)
  2 worker ant zombies
  8 adders
  12 gnolls
  A shadow imp (D:6)
  An ooze (D:1)
  2 adder zombies (D:5)
  4 worms
  4 dart slugs
  3 giant geckos (D:1)
  39 orcs
  6 giant cockroaches
  2 gnoll zombies (D:2)
  5 goblins
  7 hobgoblins
  6 jackals
  5 quokkas
  3 ball pythons
  6 bats
  2 giant gecko zombies
  6 giant newts
  5 kobolds
  A quokka zombie (D:7)
  42 rats
246 creatures vanquished.

Vanquished Creatures (others)
  A goblin (D:3)
1 creature vanquished.

Grand Total: 247 creatures vanquished

Notes
Turn   | Place    | Note
--------------------------------------------------------------
     0 | D:1      | GFox the Minotaur Fighter began the quest for the Orb.
     0 | D:1      | Reached XP level 1. HP: 19/19 MP: 0/0
   232 | D:1      | Reached XP level 2. HP: 26/27 MP: 1/1
   479 | D:1      | Reached skill level 1 in Dodging
   492 | D:1      | Reached XP level 3. HP: 31/33 MP: 2/2
  1147 | D:2      | Reached XP level 4. HP: 29/40 MP: 3/3
  1894 | D:2      | Found a basalt altar of Yredelemnul.
  2147 | D:3      | Reached XP level 5. HP: 46/46 MP: 4/4
  2187 | D:3      | Found a shattered altar of Ashenzari.
  2212 | D:3      | Reached skill level 5 in Shields
  2761 | D:4      | Reached skill level 5 in Fighting
  2761 | D:4      | Reached XP level 6. HP: 54/56 MP: 5/5
  2770 | D:4      | Got a shadowed robe
  2781 | D:4      | Identified the +1 robe of Dithmenos's Envy {rPois rN++ Int-5 Stlth+} (You found it on level 4 of the Dungeon)
  2781 | D:4      | Lost intelligence.
  3093 | D:4      | Found a stormy altar of Qazlal.
  3467 | D:4      | Found a staircase to the Ecumenical Temple.
  3478 | Temple   | Entered the Ecumenical Temple
  3612 | Temple   | Became a worshipper of Cheibriados the Contemplative
  3657 | D:5      | Entered Level 5 of the Dungeon
  3848 | D:5      | Reached XP level 7. HP: 61/61 MP: 6/6
  3859 | D:5      | Reached skill level 1 in Stealth
  3947 | D:5      | Reached * piety under Cheibriados
  4018 | D:5      | Reached skill level 5 in Axes
  4221 | D:5      | Reached skill level 5 in Dodging
  4386 | D:5      | Reached XP level 8. HP: 69/69 MP: 7/7
  4531 | D:5      | Reached ** piety under Cheibriados
  4794 | D:6      | Noticed CapHo's ghost (novice MiFi)
  4804 | D:6      | Killed CapHo's ghost
  5307 | D:6      | Noticed Edmund
  5312 | D:6      | Reached *** piety under Cheibriados
  5318 | D:6      | Killed Edmund
  5318 | D:6      | Reached XP level 9. HP: 76/78 MP: 8/8
  5417 | D:6      | Found an oddly glowing altar of Pakellas.
  5480 | D:6      | Noticed Grinder
  5483 | D:6      | Paralysed by Grinder for 2 turns
  5487 | D:6      | Killed Grinder
  6318 | D:7      | Reached **** piety under Cheibriados
  7108 | D:8      | Reached XP level 10. HP: 74/86 MP: 9/9
  7249 | D:8      | Reached ***** piety under Cheibriados
  7601 | D:8      | Noticed ayyllmao's ghost (novice GrBe)
  7619 | D:8      | HP: 3/88 [ayyllmao's ghost (2)]
  7620 | D:8      | Slain by ayyllmao's ghost

Skill      XL: |  1  2  3  4  5  6  7  8  9 10 |
---------------+-------------------------------+-----
Shields        | 4 5 6 7 8 9 |  9.0
Armour         | 4 |  4.6
Dodging        | 1 2 3 5 7 8 9 |  9.1
Fighting       | 4 5 6 7 |  7.7
Axes           | 3 4 5 6 8 |  8.4
Stealth        | 1 2 4 |  4.5

Action                   |  1- 3 |  4- 6 |  7- 9 | 10-12 || total
-------------------------+-------+-------+-------+-------++-------
Melee: War axe           |   119 |   165 |   210 |    50 ||   544
       Headbutt          |    14 |    37 |    72 |    18 ||   141
  Use: Scroll            |       |       |     5 |       ||     5
       Potion            |       |       |       |     1 ||     1
 Stab: Sleeping          |       |     1 |    15 |       ||    16
       Distracted        |       |       |     2 |     3 ||     5
  Eat: Chunk             |     2 |    21 |    11 |       ||    34
Armor: Scale mail        |    63 |    32 |       |       ||    95
       Robe              |       |    20 |    42 |     6 ||    68
Dodge: Dodged            |    40 |    66 |   115 |    33 ||   254
Block: Shield            |    59 |   107 |   151 |    35 ||   352
